| TOP OF THE 1ST |
|
Cincinnati (NYP) Reds batting - Pitching for Salem-Keizer Volcanoes : LHP Chong-yeol Wong
|
|
Pitching: LHP Chong-yeol Wong
|
|
|
Batting: RHB Marcus Carter
|
0-0: Foul Ball, location: 2F 0-1: Called Strike 0-2: Foul Ball, location: 2F 0-2: Fly out, F8 (Flyball, 8LD, EV 94.4 MPH)
|
|
Batting: RHB Dave Ruiz
|
0-0: Called Strike 0-1: Foul Ball, location: 2F 0-2: Foul Ball, location: 2F 0-2: Ball 1-2: Foul Ball, location: 2F 1-2: Strikes out swinging
|
|
Batting: SHB Bryan Johnston
|
0-0: Ball 1-0: Ball 2-0: Called Strike 2-1: Ball 3-1: Base on Balls
|
|
Batting: RHB Steve Anderson
|
0-0: Called Strike 0-1: Ball 1-1: Foul Ball, location: 2F 1-2: Ball 2-2: Ground out 6-3 (Groundball, 56, EV 104.4 MPH)
|
| Top of the 1st over - 0 runs, 0 hits, 0 errors, 1 left on base; Cincinnati (NYP) 0 - Salem-Keizer 0 |
| BOTTOM OF THE 1ST |
|
Salem-Keizer Volcanoes batting - Pitching for Cincinnati (NYP) Reds : RHP Hideki Kobayashi
|
|
Pitching: RHP Hideki Kobayashi
|
|
|
Batting: LHB Pat Aviles
|
0-0: Ball 1-0: Ball 2-0: Called Strike 2-1: Foul Ball, location: 2F 2-2: Foul Ball, location: 2F 2-2: Foul Ball, location: 2F 2-2: Ball 3-2: Foul Ball, location: 2F 3-2: DOUBLE (Groundball, 3L, EV 107.5 MPH)
|
|
Batting: RHB Justin Baldwin
|
0-0: Fly out, F6 (Flyball, 56D, EV 88.8 MPH)
|
|
Batting: LHB Gil Caraveo
|
0-0: Called Strike Pat Aviles steals 3rd base 0-1: Ground out 6-3 (Groundball, 6MD, EV 83.1 MPH) Pat Aviles scores
|
|
Batting: RHB Mike Buchanan
|
0-0: Called Strike 0-1: Called Strike 0-2: Foul Ball, location: 2F 0-2: Ball 1-2: Ball 2-2: Foul Ball, location: 2F 2-2: Foul Ball, location: 2F 2-2: Strikes out swinging
|
| Bottom of the 1st over - 1 run, 1 hit, 0 errors, 0 left on base; Cincinnati (NYP) 0 - Salem-Keizer 1 |
| TOP OF THE 2ND |
|
Cincinnati (NYP) Reds batting - Pitching for Salem-Keizer Volcanoes : LHP Chong-yeol Wong
|
|
Batting: RHB Kagetoki Kawai
|
0-0: Foul Ball, location: 2F 0-1: Fly out, F9 (Flyball, 9, EV 87.5 MPH)
|
|
Batting: RHB Bill Hainey
|
0-0: Ball 1-0: Called Strike 1-1: Ball 2-1: Ball 3-1: Ground out 6-3 (Groundball, 6, EV 100.0 MPH)
|
|
Batting: LHB Josiah Leath
|
0-0: Ball 1-0: Foul Ball, location: 2F 1-1: Called Strike 1-2: Ball 2-2: Ball 3-2: Foul Ball, location: 2F 3-2: Base on Balls
|
|
Batting: RHB Chae-seong Lee
|
0-0: Called Strike 0-1: Ball 1-1: Called Strike Josiah Leath is caught stealing 2nd base 2-4
|
| Top of the 2nd over - 0 runs, 0 hits, 0 errors, 0 left on base; Cincinnati (NYP) 0 - Salem-Keizer 1 |
| BOTTOM OF THE 2ND |
|
Salem-Keizer Volcanoes batting - Pitching for Cincinnati (NYP) Reds : RHP Hideki Kobayashi
|
|
Batting: LHB John Whitman
|
0-0: Ball 1-0: Ground out 3-1 (Groundball, 34, EV 83.8 MPH)
|
|
Batting: RHB Jason Gregor
|
0-0: Ball 1-0: Swinging Strike 1-1: Hit by Pitch
|
|
Batting: RHB Justin Layton
|
0-0: Fielders Choice at 2nd, 6-4 (Groundball, 6, EV 85.0 MPH)
|
|
Batting: RHB Alfredo Lemus
|
0-0: Ball 1-0: Called Strike Justin Layton steals 2nd base 1-1: Ball 2-1: Called Strike 2-2: Strikes out swinging, 2-3 out at first.
|
| Bottom of the 2nd over - 0 runs, 0 hits, 0 errors, 1 left on base; Cincinnati (NYP) 0 - Salem-Keizer 1 |
| TOP OF THE 3RD |
|
Cincinnati (NYP) Reds batting - Pitching for Salem-Keizer Volcanoes : LHP Chong-yeol Wong
|
|
Batting: RHB Chae-seong Lee
|
0-0: Ball 1-0: Ball 2-0: Foul Ball, location: 2F 2-1: Foul Ball, location: 2F 2-2: SOLO HOME RUN (Flyball, 7LD, EV 97.5 MPH), Distance : 383 ft
|
|
Batting: RHB Alfredo Razo
|
0-0: Called Strike 0-1: Hit by Pitch
|
|
Pinch Runner at 1st Pete Orban:
|
|
|
Batting: RHB Marcus Carter
|
0-0: Swinging Strike 0-1: Ball 1-1: SINGLE (Groundball, 56S, EV 67.5 MPH) (infield hit) Pete Orban to second
|
|
Batting: RHB Dave Ruiz
|
0-0: Foul Ball, location: 2F 0-1: Ball 1-1: Called Strike Pete Orban steals 3rd base Marcus Carter to second 1-2: Ball 2-2: Fly out, F8 (Flyball, 89M, EV 97.5 MPH)
|
|
Batting: SHB Bryan Johnston
|
0-0: Called Strike 0-1: Called Strike 0-2: Ball 1-2: Strikes out swinging
|
|
Batting: RHB Steve Anderson
|
0-0: Foul Ball, location: 2F 0-1: Ball 1-1: Ball 2-1: Foul Ball, location: 2F 2-2: SINGLE (Line Drive, 89M, EV 99.4 MPH) Pete Orban scores Marcus Carter to third Runner from 3rd tries for Home, SAFE, throw by CF to home
|
|
Batting: RHB Kagetoki Kawai
|
0-0: Called Strike 0-1: Ball 1-1: SINGLE (Groundball, 56D, EV 100.6 MPH) Steve Anderson to second
|
|
Batting: RHB Bill Hainey
|
0-0: Ball 1-0: DOUBLE (Groundball, 3L, EV 103.1 MPH) Steve Anderson scores Kagetoki Kawai to third Runner from 3rd tries for Home, SAFE, throw by RF to trailing runner, OUT at third! 9-3-5
|
| Top of the 3rd over - 5 runs, 5 hits, 0 errors, 0 left on base; Cincinnati (NYP) 5 - Salem-Keizer 1 |
| BOTTOM OF THE 3RD |
|
Salem-Keizer Volcanoes batting - Pitching for Cincinnati (NYP) Reds : RHP Hideki Kobayashi
|
|
Now in CF: Pete Orban
|
|
|
Batting: RHB Ryan Johnston
|
0-0: Swinging Strike 0-1: Ground out 5-3 (Groundball, 5, EV 91.2 MPH)
|
|
Batting: LHB Pat Aviles
|
0-0: Ball 1-0: Ball 2-0: Ball 3-0: Called Strike 3-1: Swinging Strike 3-2: Strikes out swinging
|
|
Batting: RHB Justin Baldwin
|
0-0: Called Strike 0-1: Foul Ball, location: 2F 0-2: Ball 1-2: Ball 2-2: SINGLE (Groundball, 13S, EV 60.6 MPH) (infield hit)
|
|
Batting: LHB Gil Caraveo
|
0-0: Called Strike 0-1: SINGLE (Line Drive, 78M, EV 96.9 MPH) Justin Baldwin to second
|
|
Batting: RHB Mike Buchanan
|
0-0: Ball 1-0: Called Strike 1-1: Ball 2-1: Ball 3-1: Swinging Strike 3-2: Foul Ball, location: 2F 3-2: Fly out, F8 (Flyball, 8RM, EV 96.9 MPH)
|
| Bottom of the 3rd over - 0 runs, 2 hits, 0 errors, 2 left on base; Cincinnati (NYP) 5 - Salem-Keizer 1 |
| TOP OF THE 4TH |
|
Cincinnati (NYP) Reds batting - Pitching for Salem-Keizer Volcanoes : LHP Chong-yeol Wong
|
|
Batting: LHB Josiah Leath
|
0-0: Ball 1-0: Foul Ball, location: 2F 1-1: Ball 2-1: Ball 3-1: Swinging Strike 3-2: Foul Ball, location: 2F 3-2: Foul Ball, location: 2F 3-2: Foul Ball, location: 2F 3-2: Strikes out looking
|
|
Batting: RHB Chae-seong Lee
|
0-0: Foul Ball, location: 2F 0-1: Foul Ball, location: 2F 0-2: Ball 1-2: Ball 2-2: Foul Ball, location: 2F 2-2: Ball 3-2: Base on Balls
|
|
Pitching: RHP Corey Cauley
|
|
|
Batting: RHB Pete Orban
|
0-0: Called Strike 0-1: SINGLE (Line Drive, 9S, EV 110.6 MPH) Chae-seong Lee to second
|
|
Batting: RHB Marcus Carter
|
0-0: Called Strike 0-1: Ball 1-1: Swinging Strike 1-2: Ball 2-2: Ball 3-2: Base on Balls Chae-seong Lee to third Pete Orban to second
|
|
Batting: RHB Dave Ruiz
|
0-0: Called Strike 0-1: Ball 1-1: Ball 2-1: Ball 3-1: Base on Balls Chae-seong Lee scores Pete Orban to third Marcus Carter to second
|
|
Batting: SHB Bryan Johnston
|
0-0: Ball 1-0: Ball 2-0: Ball 3-0: Base on Balls Pete Orban scores Marcus Carter to third Dave Ruiz to second
|
|
Batting: RHB Steve Anderson
|
0-0: Called Strike 0-1: Foul Ball, location: 2F 0-2: Ball 1-2: Strikes out swinging
|
|
Batting: RHB Kagetoki Kawai
|
0-0: Called Strike 0-1: Ball 1-1: Ball 2-1: Ground out 5-3 (Groundball, 56S, EV 83.8 MPH)
|
| Top of the 4th over - 2 runs, 1 hit, 0 errors, 3 left on base; Cincinnati (NYP) 7 - Salem-Keizer 1 |
| BOTTOM OF THE 4TH |
|
Salem-Keizer Volcanoes batting - Pitching for Cincinnati (NYP) Reds : RHP Hideki Kobayashi
|
|
Batting: LHB John Whitman
|
0-0: Ball 1-0: Called Strike 1-1: Ball 2-1: SINGLE (Line Drive, 9S, EV 90.6 MPH)
|
|
Batting: RHB Jason Gregor
|
0-0: Called Strike Pickoff Throw by Catcher to First - Error! E2 John Whitman to second 0-1: Foul Ball, location: 2F 0-2: Strikes out swinging
|
|
Batting: RHB Justin Layton
|
0-0: Ball 1-0: Ball 2-0: Swinging Strike 2-1: Called Strike 2-2: Foul Ball, location: 2F 2-2: Ball Wild Pitch! John Whitman to third 3-2: Foul Ball, location: 2F 3-2: DOUBLE (Line Drive, 89D, EV 101.2 MPH) John Whitman scores
|
|
Batting: RHB Alfredo Lemus
|
0-0: Ground out 4-3 (Groundball, 34, EV 83.1 MPH) Justin Layton to third
|
|
Batting: RHB Ryan Johnston
|
0-0: Swinging Strike 0-1: Foul Ball, location: 2F 0-2: Ball 1-2: Strikes out looking
|
| Bottom of the 4th over - 1 run, 2 hits, 1 error, 1 left on base; Cincinnati (NYP) 7 - Salem-Keizer 2 |
| TOP OF THE 5TH |
|
Cincinnati (NYP) Reds batting - Pitching for Salem-Keizer Volcanoes : RHP Corey Cauley
|
|
Batting: RHB Bill Hainey
|
0-0: Ball 1-0: Ball 2-0: Ball 3-0: Called Strike 3-1: Base on Balls
|
|
Batting: LHB Josiah Leath
|
0-0: Foul Ball, location: 2F 0-1: Ball 1-1: Ground out 4-3 (Groundball, 4S, EV 66.2 MPH) Bill Hainey to second
|
|
Batting: RHB Chae-seong Lee
|
0-0: Foul Ball, location: 2F 0-1: Foul Ball, location: 2F 0-2: Ball 1-2: Foul Ball, location: 2F 1-2: Strikes out swinging
|
|
Batting: RHB Pete Orban
|
0-0: Called Strike 0-1: Foul Ball, location: 2F 0-2: Foul Ball, location: 2F 0-2: Ball 1-2: Strikes out swinging
|
| Top of the 5th over - 0 runs, 0 hits, 0 errors, 1 left on base; Cincinnati (NYP) 7 - Salem-Keizer 2 |
| BOTTOM OF THE 5TH |
|
Salem-Keizer Volcanoes batting - Pitching for Cincinnati (NYP) Reds : RHP Hideki Kobayashi
|
|
Batting: LHB Pat Aviles
|
0-0: Ball 1-0: Ball 2-0: Ball 3-0: Ground out U3 (Groundball, 3L, EV 106.9 MPH)
|
|
Batting: RHB Justin Baldwin
|
0-0: Ball 1-0: Foul Ball, location: 2F 1-1: Swinging Strike 1-2: Foul Ball, location: 2F 1-2: SINGLE (Groundball, 34D, EV 97.5 MPH)
|
|
Batting: LHB Gil Caraveo
|
0-0: SINGLE (Groundball, 56, EV 105.6 MPH) Justin Baldwin to second
|
|
Batting: RHB Mike Buchanan
|
0-0: Ball 1-0: Ball 2-0: Ball 3-0: DOUBLE (Line Drive, 5D, EV 105.0 MPH) Justin Baldwin scores Gil Caraveo to third
|
|
Batting: LHB John Whitman
|
0-0: Foul Ball, location: 2F 0-1: Ball 1-1: Ball 2-1: Ball 3-1: Foul Ball, location: 2F 3-2: SINGLE (Line Drive, 8RS, EV 86.9 MPH) Gil Caraveo scores Mike Buchanan to third
|
|
Batting: RHB Jason Gregor
|
0-0: Ball 1-0: Swinging Strike 1-1: Ball 2-1: Ball 3-1: Called Strike 3-2: Foul Ball, location: 2F 3-2: Base on Balls John Whitman to second
|
|
Pinch Hitting: LHB Ryan Anderson
|
0-0: Ball 1-0: Swinging Strike 1-1: SINGLE (Groundball, 4MD, EV 100.6 MPH) Mike Buchanan scores John Whitman to third Jason Gregor to second Runner from 3rd tries for Home, SAFE, throw by CF to home
|
|
Pitching: RHP Miguel Estrada
|
|
|
Batting: RHB Alfredo Lemus
|
0-0: Called Strike 0-1: Swinging Strike 0-2: Ball 1-2: Foul Ball, location: 2F 1-2: Strikes out swinging
|
|
Batting: RHB Ryan Johnston
|
0-0: Called Strike 0-1: Foul Ball, location: 2F 0-2: Strikes out swinging
|
| Bottom of the 5th over - 4 runs, 5 hits, 0 errors, 2 left on base; Cincinnati (NYP) 7 - Salem-Keizer 6 |
| TOP OF THE 6TH |
|
Cincinnati (NYP) Reds batting - Pitching for Salem-Keizer Volcanoes : RHP Corey Cauley
|
|
Now at 1B: Jason Gregor
|
|
|
Now at 3B: Willie Sanchez
|
|
|
Now in LF: Mike Buchanan
|
|
|
Batting: RHB Marcus Carter
|
0-0: Ground out 5-3 (Groundball, 5, EV 88.8 MPH)
|
|
Batting: RHB Dave Ruiz
|
0-0: Called Strike 0-1: Foul Ball, location: 2F 0-2: Ball 1-2: SOLO HOME RUN (Flyball, 7LD, EV 100.0 MPH), Distance : 380 ft
|
|
Pitching: RHP Damian Molina
|
|
|
Batting: SHB Bryan Johnston
|
0-0: Foul Ball, location: 2F 0-1: Ground out 4-3 (Groundball, 4, EV 83.1 MPH)
|
|
Batting: RHB Steve Anderson
|
0-0: Ball 1-0: Called Strike 1-1: Ball 2-1: Called Strike 2-2: Foul Ball, location: 2F 2-2: Ground out 4-3 (Groundball, 4, EV 91.2 MPH)
|
| Top of the 6th over - 1 run, 1 hit, 0 errors, 0 left on base; Cincinnati (NYP) 8 - Salem-Keizer 6 |
| BOTTOM OF THE 6TH |
|
Salem-Keizer Volcanoes batting - Pitching for Cincinnati (NYP) Reds : RHP Miguel Estrada
|
|
Batting: LHB Pat Aviles
|
0-0: Foul Ball, location: 2F 0-1: Swinging Strike 0-2: Ball 1-2: Ball 2-2: Strikes out swinging
|
|
Batting: RHB Justin Baldwin
|
0-0: Ball 1-0: Swinging Strike 1-1: Foul Ball, location: 2F 1-2: Ground out 4-3 (Groundball, 4, EV 78.8 MPH)
|
|
Batting: LHB Gil Caraveo
|
0-0: Foul Ball, location: 2F 0-1: Ground out U3 (Groundball, 3S, EV 84.4 MPH)
|
| Bottom of the 6th over - 0 runs, 0 hits, 0 errors, 0 left on base; Cincinnati (NYP) 8 - Salem-Keizer 6 |
| TOP OF THE 7TH |
|
Cincinnati (NYP) Reds batting - Pitching for Salem-Keizer Volcanoes : RHP Damian Molina
|
|
Batting: RHB Kagetoki Kawai
|
0-0: Called Strike 0-1: Ball 1-1: Ball 2-1: Ground out 5-3 (Groundball, 56, EV 80.0 MPH)
|
|
Batting: RHB Bill Hainey
|
0-0: Ball 1-0: Ball 2-0: Foul Ball, location: 2F 2-1: Swinging Strike 2-2: Ball 3-2: Foul Ball, location: 2F 3-2: SOLO HOME RUN (Flyball, 78XD, EV 111.9 MPH), Distance : 434 ft
|
|
Batting: LHB Josiah Leath
|
0-0: Ball 1-0: Ball 2-0: Foul Ball, location: 2F 2-1: Foul Ball, location: 2F 2-2: Foul Ball, location: 2F 2-2: Ball 3-2: Ground out 6-3 (Groundball, 6MS, EV 73.8 MPH)
|
|
Batting: RHB Chae-seong Lee
|
0-0: Fly out, F9 (Flyball, 9D, EV 99.4 MPH)
|
| Top of the 7th over - 1 run, 1 hit, 0 errors, 0 left on base; Cincinnati (NYP) 9 - Salem-Keizer 6 |
| BOTTOM OF THE 7TH |
|
Salem-Keizer Volcanoes batting - Pitching for Cincinnati (NYP) Reds : RHP Miguel Estrada
|
|
Batting: RHB Mike Buchanan
|
0-0: Ball 1-0: Swinging Strike 1-1: Foul Ball, location: 2F 1-2: Foul Ball, location: 2F 1-2: Ball 2-2: SINGLE (Line Drive, 7S, EV 93.1 MPH)
|
|
Batting: LHB John Whitman
|
0-0: Called Strike 0-1: Fly out, F7 (Flyball, 7S, EV 77.5 MPH)
|
|
Batting: RHB Jason Gregor
|
0-0: Foul Ball, location: 2F 0-1: Called Strike 0-2: Foul Ball, location: 2F 0-2: Ball Mike Buchanan is caught stealing 2nd base 2-4 1-2: Foul Ball, location: 2F 1-2: Strikes out looking
|
| Bottom of the 7th over - 0 runs, 1 hit, 0 errors, 0 left on base; Cincinnati (NYP) 9 - Salem-Keizer 6 |
| TOP OF THE 8TH |
|
Cincinnati (NYP) Reds batting - Pitching for Salem-Keizer Volcanoes : RHP Damian Molina
|
|
Pitching: RHP Lorenzo de Jesus
|
|
|
Batting: RHB Pete Orban
|
0-0: Foul Ball, location: 2F 0-1: Ball 1-1: SINGLE (Groundball, 56S, EV 65.0 MPH) (infield hit)
|
|
Batting: RHB Marcus Carter
|
0-0: Bunted foul 0-1: Ball 1-1: Ball Pete Orban is caught stealing 2nd base 2-4 2-1: Ball 3-1: Base on Balls
|
|
Batting: RHB Dave Ruiz
|
0-0: Ball Marcus Carter steals 2nd base 1-0: Ground out 5-3 (Groundball, 5, EV 90.0 MPH)
|
|
Batting: SHB Bryan Johnston
|
0-0: Intentional Walk
|
|
Batting: RHB Steve Anderson
|
0-0: 3-RUN HOME RUN (Flyball, 8RXD, EV 117.5 MPH), Distance : 484 ft
|
|
Pitching: LHP Gil Longoria
|
|
|
Batting: RHB Kagetoki Kawai
|
0-0: TRIPLE (Flyball, 89XD, EV 108.1 MPH)
|
|
Batting: RHB Bill Hainey
|
0-0: Called Strike 0-1: Swinging Strike 0-2: Strikes out looking
|
| Top of the 8th over - 3 runs, 3 hits, 0 errors, 1 left on base; Cincinnati (NYP) 12 - Salem-Keizer 6 |
| BOTTOM OF THE 8TH |
|
Salem-Keizer Volcanoes batting - Pitching for Cincinnati (NYP) Reds : RHP Miguel Estrada
|
|
Batting: RHB Willie Sanchez
|
0-0: Ball 1-0: Ground out 1-3 (Groundball, 13, EV 69.4 MPH)
|
|
Batting: RHB Alfredo Lemus
|
0-0: Called Strike 0-1: Foul Ball, location: 2F 0-2: Ball 1-2: Fly out, F8 (Flyball, 8LS, EV 89.4 MPH)
|
|
Batting: RHB Ryan Johnston
|
0-0: Foul Ball, location: 2F 0-1: Ground out 6-3 (Groundball, 6, EV 84.4 MPH)
|
| Bottom of the 8th over - 0 runs, 0 hits, 0 errors, 0 left on base; Cincinnati (NYP) 12 - Salem-Keizer 6 |
| TOP OF THE 9TH |
|
Cincinnati (NYP) Reds batting - Pitching for Salem-Keizer Volcanoes : LHP Gil Longoria
|
|
Batting: LHB Josiah Leath
|
0-0: Ball 1-0: Fly out, F7 (Flyball, 78M, EV 72.5 MPH)
|
|
Batting: RHB Chae-seong Lee
|
0-0: Called Strike 0-1: Called Strike 0-2: Ball 1-2: Ball 2-2: Ball 3-2: Base on Balls
|
|
Batting: RHB Pete Orban
|
0-0: Swinging Strike 0-1: Ball 1-1: Ball 2-1: Foul Ball, location: 2F 2-2: Strikes out looking
|
|
Batting: RHB Marcus Carter
|
0-0: Ball 1-0: Called Strike 1-1: SINGLE (Groundball, 6MD, EV 103.1 MPH) Chae-seong Lee to second Runner from 2nd tries for 3rd, SAFE, throw by CF made to third
|
|
Batting: RHB Dave Ruiz
|
0-0: Ball 1-0: Foul Ball, location: 2F 1-1: SINGLE (Groundball, 56D, EV 100.6 MPH) Chae-seong Lee scores Marcus Carter to second
|
|
Pinch Hitting: SHB Miguel Macias
|
0-0: Ball 1-0: Swinging Strike 1-1: Called Strike 1-2: Strikes out looking
|
| Top of the 9th over - 1 run, 2 hits, 0 errors, 2 left on base; Cincinnati (NYP) 13 - Salem-Keizer 6 |
| BOTTOM OF THE 9TH |
|
Salem-Keizer Volcanoes batting - Pitching for Cincinnati (NYP) Reds : RHP Miguel Estrada
|
|
Now in LF: Miguel Macias
|
|
|
Batting: LHB Pat Aviles
|
0-0: Ball 1-0: TRIPLE (Flyball, 78XD, EV 90.0 MPH)
|
|
Batting: RHB Justin Baldwin
|
0-0: Called Strike 0-1: Swinging Strike 0-2: Ball 1-2: Ball 2-2: Ball 3-2: Foul Ball, location: 2F 3-2: Fly out, F7 (Flyball, 78S, EV 87.5 MPH)
|
|
Pitching: RHP Giovonni Morgia
|
|
|
Batting: LHB Gil Caraveo
|
0-0: SINGLE (Line Drive, 9S, EV 102.5 MPH) Pat Aviles scores
|
|
Batting: RHB Mike Buchanan
|
0-0: SINGLE (Line Drive, 4M, EV 95.0 MPH) Gil Caraveo to second
|
|
Batting: LHB John Whitman
|
0-0: DOUBLE (Flyball, 89D, EV 106.2 MPH) Gil Caraveo scores Mike Buchanan to third
|
|
Batting: RHB Jason Gregor
|
0-0: Called Strike 0-1: Foul Ball, location: 2F 0-2: Ball 1-2: Foul Ball, location: 2F 1-2: Ball 2-2: Ball 3-2: Base on Balls
|
|
Pitching: RHP Frank Munoz
|
|
|
Batting: RHB Willie Sanchez
|
0-0: Ball 1-0: Ball 2-0: Called Strike 2-1: Called Strike 2-2: Strikes out looking
|
|
Batting: RHB Alfredo Lemus
|
0-0: Ball 1-0: Called Strike 1-1: Fielders Choice at 2nd, 5-4 (Groundball, 5, EV 81.9 MPH)
|
| Bottom of the 9th over - 2 runs, 4 hits, 0 errors, 3 left on base; Cincinnati (NYP) 13 - Salem-Keizer 8 |
|